 Dungeon Crawl Stone Soup version 0.26-b1-32-g5d43845318 (webtiles) character file.

Game seed: 3275225998256641749

92285 tv1990 the Severer (level 16, -3/133 HPs)
             Began as a Formicid Monk on Jan 12, 2021.
             Was the Champion of Okawaru.
             Slain by a white ugly thing (31 damage)
             ... on level 12 of the Dungeon.
             The game lasted 01:04:43 (23123 turns).

tv1990 the Severer (Formicid Monk)                 Turns: 23123, Time: 01:04:43

Health: -3/133     AC: 22    Str: 34    XL:     16   Next: 53%
Magic:  20/20      EV: 13    Int: 11    God:    Okawaru [******]
Gold:   1170       SH: 18    Dex: 13    Spells: 15/15 levels left

rFire    . . .     SeeInvis +   z - +1 battleaxe
rCold    . . .     Faith    +   E - +5 kite shield "Cuakeha" {Regen+ Str+6}
rNeg     . . .     Spirit   .   M - +0 plate armour
rPois    +         Reflect  .   (helmet unavailable)
rElec    .         Harm     .   d - +1 cloak
rCorr    +         Rampage  .   c - +0 pair of gloves "Oraptaq" {rCorr}
Will     +....                  t - +0 pair of boots
Stlth    ..........             p - amulet of faith
HPRegen  0.72/turn              J - ring of poison resistance
MPRegen  0.17/turn              U - +6 ring of strength

@: studying Armour
A: permanent stasis, dig shafts and tunnels, four strong arms, antennae 3
a: Dig, Shaft Self, Renounce Religion, Heroism, Finesse


You were on level 12 of the Dungeon.
You worshipped Okawaru.
Okawaru was exalted by your worship.
You visited 3 branches of the dungeon, and saw 20 of its levels.
You also visited: Bailey and Ice Cave.

You collected 1867 gold pieces.
You spent 697 gold pieces at shops.

Inventory:

Hand Weapons
 z - a +1 battleaxe (weapon)
 Z - a +3 scimitar of flaming
Missiles
 i - 80 poisoned darts (quivered)
Armour
 c - the +0 pair of gloves "Oraptaq" (worn) {rCorr}
   (Okawaru gifted it to you on level 1 of the Orcish Mines)

   It provides partial protection from all sources of acid and corrosion.
 d - a +1 cloak (worn)
 t - a +0 pair of boots (worn)
 E - the +5 kite shield "Cuakeha" (worn) {Regen+ Str+6}
   (You found it on level 6 of the Dungeon)

   It affects your strength (+6).
   It increases your rate of regeneration.
 M - a +0 plate armour (worn)
 S - the +2 pair of boots of Maum Ytaym {+Fly rF- Dex+6 Stlth+}
   (You found it on level 4 of the Lair of Beasts)

   It affects your dexterity (+6).
   It makes you vulnerable to fire.
   It lets you fly.
   It makes you more stealthy.
Jewellery
 o - an uncursed amulet of magic regeneration
 p - an amulet of faith (around neck)
 J - a ring of poison resistance (left hand)
 K - an uncursed ring of protection from fire
 U - a +6 ring of strength (right hand)
Wands
 H - a wand of paralysis (14)
 Q - a wand of flame (6)
 R - a wand of disintegration (18)
 Y - a wand of acid (15)
Scrolls
 a - 2 scrolls of identify
 f - 10 scrolls of teleportation
 g - 6 scrolls of remove curse
 r - 3 scrolls of amnesia
 s - a scroll of random uselessness
 v - 2 scrolls of fear
 y - 4 scrolls of enchant weapon
 D - 3 scrolls of immolation {unknown}
 N - 3 scrolls of blinking {unknown}
 O - a scroll of vulnerability {unknown}
 P - a scroll of noise {unknown}
 T - a scroll of enchant armour {unknown}
Potions
 b - a potion of invisibility {unknown}
 h - 2 potions of might
 j - 4 potions of brilliance
 k - a potion of heal wounds
 l - 3 potions of magic
 m - 2 potions of lignification
 n - 5 potions of mutation
 q - 2 potions of haste
 x - a potion of resistance
 F - 3 potions of attraction
 G - 9 potions of curing
 L - a potion of degeneration
 V - 10 potions of ambrosia
 W - a potion of flight
Books
 e - a manual of Armour


   Skills:
 + Level 14.1 Fighting
 * Level 17.4 Axes
 + Level 14.4 Armour
 + Level 7.6 Dodging
 - Level 2.4 Stealth
 - Level 9.0 Shields
 - Level 6.0 Invocations


You had 15 spell levels left.
You didn't know any spells.
Your spell library contained the following spells:

 Spells                   Type           Power        Failure   Level
 Beastly Appendage        Tmut           0%           86%         1
 Corona                   Hex            0%           86%         1
 Freeze                   Ice            0%           86%         1
 Magic Dart               Conj           0%           86%         1
 Call Imp                 Summ           0%           94%         2
 Ensorcelled Hibernation  Hex/Ice        0%           94%         2
 Searing Ray              Conj           0%           94%         2
 Slow                     Hex            0%           94%         2
 Wereblood                Tmut           0%           94%         2
 Confusing Touch          Hex            0%           99%         3
 Conjure Flame            Conj/Fire      0%           99%         3
 Dazzling Flash           Conj/Hex       0%           99%         3
 Frozen Ramparts          Ice            0%           99%         3
 Gell's Gravitas          Tloc           0%           99%         3
 Mephitic Cloud           Conj/Pois/Air  0%           99%         3
 Ozocubu's Armour         Ice            0%           99%         3
 Spider Form              Tmut/Pois      0%           99%         3
 Tukima's Dance           Hex            0%           99%         3
 Cause Fear               Hex            0%           100%        4
 Fulminant Prism          Conj/Hex       0%           100%        4
 Hailstorm                Conj/Ice       0%           100%        4
 Ice Form                 Ice/Tmut       0%           100%        4
 Iskenderun's Mystic Bla  Conj/Tloc      0%           100%        4
 Petrify                  Tmut/Erth      0%           100%        4
 Summon Ice Beast         Ice/Summ       0%           100%        4
 Blade Hands              Tmut           0%           100%        5
 Metabolic Englaciation   Hex/Ice        0%           100%        5
 Silence                  Hex/Air        0%           100%        5
 Yara's Violent Unravell  Hex/Tmut       0%           100%        5
 Discord                  Hex            0%           100%        8
 Blink                    Tloc           Unusable     N/A         2

Dungeon Overview and Level Annotations

Branches:
Dungeon (12/15)            Temple (0/1) D:4            Lair (6/6) D:8
  Swamp (0/4) Lair:4       Spider (0/4) Lair:2        Slime (0/5) Lair:5
    Orc (2/2) D:11            Elf (0/3) Orc:2        Bailey (visited)
  IceCv (visited)

Altars:
Cheibriados
Hepliaklqana
Kikubaaqudgha
Nemelex Xobeh
Okawaru
Trog
Uskayaw
Vehumet
Yredelemnul
Zin
Beogh
Jiyva

Shops:
D:5 !   Orc:1 ![*   Orc:2 [:(==

Annotations:
Lair:1 1 runed translucent door, MisterFreud's ghost, novice TrFi


Innate Abilities, Weirdness & Mutations

You cannot be hasted, slowed, berserked, paralysed or teleported.
You can dig through walls and to a lower floor.
Your four strong arms can wield two-handed weapons with a shield.
You have a pair of large antennae on your head. (SInv)


Message History

Items here: )) ††††.
The white ugly thing tail-slaps you but does no damage.
You closely miss the white ugly thing. You barely miss the white ugly thing.
The white ugly thing tail-slaps you. The white ugly thing freezes you!!
* * * LOW HITPOINT WARNING * * *
You hit the white ugly thing.
The white ugly thing is lightly wounded.
A killer bee comes into view.
The white ugly thing tail-slaps you!
* * * LOW HITPOINT WARNING * * *
The white ugly thing freezes you!!
* * * LOW HITPOINT WARNING * * *
A killer bee comes into view.
The killer bee moves out of view.
Items here: $ ) [ †††.
The white ugly thing tail-slaps you!
* * * LOW HITPOINT WARNING * * *
The white ugly thing freezes you!!
You die...

#.. # #. #.. .# ..
... ... ... #.# #.#
#.# .... #.# #.# #.#
..... #.# #.#
#†###.....# #.# #.#
#.K).{...# #.#
#.#####s##{y..##
######.#####....@u>#
#...)..
#............#####.#
...##.
######†#####.# #.#
...# #.# #.# #.#
.(..# #.# #.# #.#
..y. #.# #.# #.#
.... ######.#####.#
#.# #.............
... { ######.######.
...


You could see a white ugly thing, a big kobold and a scorpion.

Vanquished Creatures
  Josephine (Orc:1)
  Erolcha (D:11)
  2 boulder beetles
  6 hydras
  A catoblepas (Lair:2)
  Erica (D:9)
  2 ogre magi (Orc:2)
  13 two-headed ogres
  10 death yaks
  2 orc high priests (Orc:2)
  Urug (Lair:4)
  2 deep trolls (Orc:2)
  2 orc knights
  A lindwurm (Lair:6)
  2 necromancers
  4 orc sorcerers
  An oklob plant (Lair:5)
  2 ugly things
  A manticore (D:12)
  2 cyclopes (Orc:2)
  10 elephants (Lair:6)
  3 black mambas
  Joseph (D:8)
  A molten gargoyle (Lair:2)
  4 ice statues (IceCv)
  13 cane toads
  A torpor snail (Lair:3)
  5 rime drakes
  12 komodo dragons
  9 ice devils (IceCv)
  A queen bee (Lair:6)
  16 trolls
  9 polar bears
  3 meliai (Lair:6)
  A tyrant leech (Lair:4)
  6 hornets
  17 blink frogs
  18 dream sheep
  13 spriggans (Lair:6)
  Sigmund (D:6)
  2 wyverns
  5 wraiths
  4 basilisks
  Eustachio (D:6)
  44 yaks
  Grum (D:9)
  A steam dragon (D:9)
  2 swamp worms (Lair:4)
  6 wargs
  Edmund (D:5)
  18 water moccasins
  26 orc warriors
  2 ice beasts
  4 black bears
  A phantom (D:8)
  3 sky beasts
  43 wolves
  26 ogres
  5 boggarts (Lair:6)
  5 centaurs
  3 big kobolds
  17 bullfrogs
  2 wyvern zombies
  5 scorpions
  5 wights (D:7)
  28 killer bees
  9 howler monkeys
  4 electric eels
  3 jellies
  3 draconian simulacra (IceCv)
  A bullfrog zombie (D:11)
  A centaur zombie (D:6)
  23 orc wizards
  2 hounds
  11 orc priests
  Crazy Yiuf (D:7)
  A gnoll shaman (Orc:2)
  Jessica (D:2)
  5 iguanas
  Ijyb (D:3)
  3 spriggan simulacra (IceCv)
  12 worker ants
  3 yak simulacra (Lair:2)
  4 polar bear simulacra (Lair:2)
  A wolf simulacrum (Lair:2)
  2 centaur simulacra (IceCv)
  A hound zombie (D:8)
  3 hound skeletons
  3 worker ant zombies
  A howler monkey zombie (D:5)
  3 gnolls (Orc:2)
  A naga simulacrum (IceCv)
  13 adders
  An ogre simulacrum (IceCv)
  A shadow imp (D:5)
  4 white imps
  2 worker ant simulacra (D:8)
  An ufetubus (D:10)
  An ooze (D:2)
  An adder zombie (D:5)
  6 worms
  A dart slug (D:3)
  8 leopard geckos
  79 orcs
  A ball python (D:3)
  4 bats
  4 giant cockroaches
  9 goblins
  3 hobgoblins (D:3)
  14 jackals
  5 quokkas
  3 frilled lizards
  A jackal skeleton (D:8)
  16 kobolds
  A quokka skeleton (D:10)
  2 rats
  3 river rat simulacra (Lair:2)
748 creatures vanquished.

Vanquished Creatures (others)
  3 bushes (Lair:6)
  66 fungi
  62 plants
131 creatures vanquished.

Grand Total: 879 creatures vanquished

Notes
Turn   | Place    | Note
-------+----------+-------------------------------------------
     0 | D:1      | tv1990 the Formicid Monk began the quest for the Orb.
     0 | D:1      | Reached XP level 1. HP: 18/18 MP: 1/1
   418 | D:1      | Reached XP level 2. HP: 24/24 MP: 2/2
  1028 | D:2      | Reached skill level 1 in Armour
  1230 | D:2      | Reached XP level 3. HP: 29/29 MP: 3/3
  1273 | D:2      | Noticed Jessica
  1279 | D:2      | Killed Jessica
  1318 | D:2      | Reached skill level 4 in Axes
  1318 | D:2      | Reached XP level 4. HP: 37/37 MP: 4/4
  2196 | D:3      | Reached XP level 5. HP: 37/42 MP: 5/5
  2908 | D:3      | Found a basalt altar of Yredelemnul.
  2910 | D:3      | Found a hide-covered altar of Uskayaw.
  2910 | D:3      | Found a snail-covered altar of Cheibriados.
  2910 | D:3      | Found a sparkling altar of Nemelex Xobeh.
  2910 | D:3      | Found a bloodstained altar of Trog.
  2945 | D:3      | Found an iron altar of Okawaru.
  3021 | D:3      | Became a worshipper of Warmaster Okawaru
  3021 | D:3      | Reached * piety under Okawaru
  3021 | D:3      | Reached ** piety under Okawaru
  3435 | D:3      | Noticed Ijyb
  3535 | D:3      | Killed Ijyb
  3536 | D:3      | Reached skill level 1 in Invocations
  3536 | D:3      | Reached XP level 6. HP: 41/49 MP: 6/6
  3690 | D:4      | Found an ancient bone altar of Kikubaaqudgha.
  3858 | D:4      | Found a staircase to the Ecumenical Temple.
  4112 | D:4      | Reached skill level 5 in Axes
  4586 | D:4      | Found an ancient bone altar of Kikubaaqudgha.
  4720 | D:4      | Found a staircase to the Ecumenical Temple.
  5107 | D:5      | Entered Level 5 of the Dungeon
  5171 | D:5      | Found Weoxzami's Distillery.
  5305 | D:5      | Reached XP level 7. HP: 36/55 MP: 7/9
  5923 | D:5      | Noticed Edmund
  5945 | D:5      | Killed Edmund
  5946 | D:5      | Reached skill level 5 in Fighting
  6502 | D:6      | Reached skill level 6 in Axes
  6502 | D:6      | Reached XP level 8. HP: 29/62 MP: 9/11
  6717 | D:6      | Got an ancient kite shield
  6723 | D:6      | Identified the +5 kite shield "Cuakeha" {Regen+ Str+6} (You
                  | found it on level 6 of the Dungeon)
  6736 | D:6      | Noticed Sigmund
  6742 | D:6      | Killed Sigmund
  6743 | D:6      | Reached skill level 1 in Shields
  6788 | D:6      | Found Zin's Purification Station.
  6791 | D:6      | Found a glowing silver altar of Zin.
  6804 | D:6      | Bought a potion of curing for 90 gold pieces
  6806 | D:6      | Noticed Eustachio
  6817 | D:6      | Killed Eustachio
  6872 | D:6      | Reached skill level 5 in Invocations
  6932 | D:6      | Reached *** piety under Okawaru
  7303 | D:7      | Reached XP level 9. HP: 65/69 MP: 13/13
  7561 | D:7      | Reached skill level 7 in Axes
  7682 | D:7      | Reached **** piety under Okawaru
  7692 | D:7      | Found a snail-covered altar of Cheibriados.
  7787 | D:7      | Found a runed translucent door.
  7788 | D:7      | Noticed Crazy Yiuf
  7900 | D:7      | Reached skill level 5 in Shields
  7906 | D:7      | Reached skill level 5 in Armour
  8251 | D:7      | Killed Crazy Yiuf
  8567 | D:8      | Reached skill level 8 in Axes
  8600 | D:8      | Noticed a two-headed ogre
  8613 | D:8      | Killed a two-headed ogre
  8613 | D:8      | Reached ***** piety under Okawaru
  8614 | D:8      | Reached XP level 10. HP: 62/77 MP: 14/14
  8861 | D:8      | Found a staircase to the Lair.
  9088 | D:8      | Found a hazy altar of Hepliaklqana.
  9089 | D:8      | Found a radiant altar of Vehumet.
  9265 | Lair:1   | Entered Level 1 of the Lair of Beasts
  9445 | D:9      | Noticed Joseph
  9458 | D:8      | Killed Joseph
  9459 | D:8      | Reached skill level 9 in Axes
  9524 | Lair:1   | Noticed a cane toad
  9526 | Lair:1   | Noticed a komodo dragon
  9537 | Lair:1   | Killed a cane toad
  9547 | Lair:1   | Killed a komodo dragon
  9601 | Lair:1   | Reached XP level 11. HP: 53/85 MP: 15/15
  9635 | Lair:1   | Reached skill level 10 in Axes
  9778 | Lair:1   | Received a gift from Okawaru
  9852 | Lair:1   | Found a runed translucent door.
  9876 | Lair:1   | Noticed MisterFreud's ghost (novice TrFi)
 10411 | Lair:2   | Reached skill level 11 in Axes
 10662 | Lair:2   | Found a hole to the Spider Nest.
 10671 | Lair:2   | Noticed a four-headed hydra
 10683 | Lair:2   | Killed a four-headed hydra
 10683 | Lair:2   | Received a gift from Okawaru
 10726 | Lair:2   | Reached XP level 12. HP: 86/95 MP: 13/16
 10961 | Lair:2   | Noticed a catoblepas
 10973 | Lair:2   | Killed a catoblepas
 10974 | Lair:2   | Reached skill level 12 in Axes
 11748 | Lair:3   | Noticed a four-headed hydra
 11758 | Lair:3   | Killed a four-headed hydra
 11759 | Lair:3   | Reached skill level 10 in Fighting
 12319 | Lair:3   | Reached ****** piety under Okawaru
 12400 | Lair:4   | Noticed a death yak
 12401 | Lair:4   | Noticed a death yak
 12475 | Lair:4   | Noticed a death yak
 12475 | Lair:4   | Noticed a death yak
 12483 | Lair:3   | Killed a death yak
 12487 | Lair:3   | Killed a death yak
 12544 | Lair:3   | Received a gift from Okawaru
 12551 | Lair:4   | Reached skill level 10 in Armour
 12634 | Lair:4   | Reached skill level 13 in Axes
 12687 | Lair:4   | Reached XP level 13. HP: 104/104 MP: 17/17
 12738 | Lair:4   | Got a pair of twisted boots
 12772 | Lair:4   | Noticed Urug
 12786 | Lair:4   | Killed Urug
 12973 | Lair:4   | Identified the +2 pair of boots of Maum Ytaym {+Fly rF-
                  | Dex+6 Stlth+} (You found it on level 4 of the Lair of
                  | Beasts)
 13377 | Lair:4   | Received a gift from Okawaru
 13819 | Lair:4   | Found a staircase to the Swamp.
 14086 | Lair:5   | Reached skill level 14 in Axes
 14432 | Lair:5   | Noticed a five-headed hydra
 14445 | Lair:5   | Killed a five-headed hydra
 14860 | Lair:5   | Found a staircase to the Slime Pits.
 14868 | Lair:5   | Found a viscous altar of Jiyva.
 15192 | Lair:6   | Entered Level 6 of the Lair of Beasts
 15192 | Lair:6   | Noticed a boulder beetle
 15464 | Lair:5   | Reached XP level 14. HP: 114/114 MP: 18/18
 15476 | Lair:6   | Received a gift from Okawaru
 15988 | Lair:5   | Reached skill level 15 in Axes
 16233 | Lair:6   | Received a gift from Okawaru
 16234 | Lair:6   | Got a faintly glowing war axe {god gift}
 16854 | Lair:6   | Received a gift from Okawaru
 16949 | Lair:6   | Reached skill level 5 in Dodging
 17000 | Lair:6   | Reached XP level 15. HP: 95/122 MP: 19/19
 17390 | Lair:6   | Reached skill level 16 in Axes
 17926 | D:9      | Noticed Erica
 17937 | D:9      | Killed Erica
 17975 | D:9      | Noticed Grum
 18004 | D:9      | Killed Grum
 18397 | D:10     | Entered Level 10 of the Dungeon
 18999 | D:11     | Found a frozen archway.
 19009 | IceCv    | Entered an ice cave
 19048 | IceCv    | Received a gift from Okawaru
 19832 | D:11     | Found a staircase to the Orcish Mines.
 19844 | D:11     | Found a bloodstained altar of Trog.
 19886 | D:11     | Found an iron altar of Okawaru.
 19967 | D:11     | Noticed Erolcha
 19975 | D:11     | Killed Erolcha
 20301 | Orc:1    | Entered Level 1 of the Orcish Mines
 20359 | Orc:1    | Found Teavox's Distillery.
 20372 | Orc:1    | Found Yssuegg's Armour Boutique.
 20449 | Orc:1    | Found a flagged portal.
 20452 | Orc:1    | Received a gift from Okawaru
 20453 | Orc:1    | Got a pair of spiked gloves {god gift}
 20454 | Orc:1    | Found a roughly hewn altar of Beogh.
 20463 | Orc:1    | Identified the +0 pair of gloves "Oraptaq" {rCorr} (Okawaru
                  | gifted it to you on level 1 of the Orcish Mines)
 20468 | Bailey   | Entered a bailey
 20831 | Bailey   | Found a roughly hewn altar of Beogh.
 20901 | Orc:1    | Noticed Josephine
 20920 | Orc:1    | Killed Josephine
 21039 | Orc:1    | Found Gurralub's General Store.
 21048 | Orc:1    | Bought a potion of heal wounds for 90 gold pieces
 21284 | Orc:1    | Bought a potion of curing for 39 gold pieces
 21284 | Orc:1    | Bought a potion of curing for 39 gold pieces
 21284 | Orc:1    | Bought a potion of curing for 39 gold pieces
 21667 | Orc:2    | Entered Level 2 of the Orcish Mines
 21970 | Orc:2    | Reached XP level 16. HP: 129/132 MP: 20/20
 22042 | Orc:2    | Reached skill level 17 in Axes
 22220 | Orc:2    | Received a gift from Okawaru
 22498 | Orc:2    | Found a staircase to the Elven Halls.
 22561 | Orc:2    | Found Puarah's Armour Boutique.
 22651 | Orc:2    | Found Epuidi's Book Emporium.
 22653 | Orc:2    | Found Bogud's Weapon Emporium.
 22699 | Orc:2    | Found Uxicoej's Jewellery Boutique.
 22708 | Orc:2    | Found Tamnoot's Jewellery Shoppe.
 22895 | Orc:2    | Bought an uncursed amulet of faith for 400 gold pieces
 23123 | D:12     | Slain by a white ugly thing

Skill      XL: |  1  2  3  4  5  6  7  8  9 10 11 12 13 14 15 16 |
---------------+-------------------------------------------------+-----
Armour         | 1 2 3 4 5 6 8 10 11 12 13 14 | 14.4
Axes           | 4 5 6 8 9 11 13 14 15 16 17 | 17.4
Fighting       | 4 5 6 7 9 10 11 12 13 14 | 14.1
Invocations    | 1 2 4 5 6 |  6.0
Shields        | 3 7 8 9 |  9.0
Dodging        | 5 6 7 |  7.6
Stealth        | |  2.4

Action                   |  1- 3 |  4- 6 |  7- 9 | 10-12 | 13-15 | 16-18 || total
-------------------------+-------+-------+-------+-------+-------+-------++-------
Melee: Hand axe          |    58 |   211 |       |       |       |       ||   269
       Battleaxe         |       |    33 |   259 |   432 |  1518 |   254 ||  2496
       War axe           |       |    25 |       |       |       |       ||    25
       Flail             |       |       |       |    13 |    15 |       ||    28
       Scimitar          |       |       |       |       |       |    12 ||    12
Throw: Dart              |    10 |     3 |    25 |    10 |    54 |       ||   102
Invok: Heroism           |       |       |     4 |    14 |    11 |       ||    29
       Finesse           |       |       |       |     1 |     2 |       ||     3
 Abil: Dig               |       |     6 |     4 |     6 |    42 |     1 ||    59
Evoke: Wand              |       |       |       |       |    18 |       ||    18
  Use: Potion            |       |     1 |       |     2 |     3 |       ||     6
       Scroll            |       |       |     7 |     1 |    12 |       ||    20
 Stab: Paralysed         |       |       |       |       |     4 |       ||     4
       Petrified         |       |       |       |       |     3 |       ||     3
Armor: Scale mail        |    41 |    66 |       |       |       |       ||   107
       Chain mail        |       |    52 |    92 |   104 |   226 |       ||   474
       Skin              |       |       |       |    18 |       |       ||    18
       Plate armour      |       |       |       |       |   141 |    58 ||   199
Dodge: Dodged            |    25 |   134 |    57 |   112 |   389 |    67 ||   784
Block: Kite shield       |       |       |   167 |   374 |  1174 |   167 ||  1882
       Rpst.: Scimitar   |       |       |       |       |       |     2 ||     2

Levels and vault maps discovered:
D:1:      dpeg_arrival_solitude, layout_loops_ring
D:2:      layout_basic, wander_ebering_terrifying_dragon_lair, uniq_jessica
D:3:      kennysheep_goblin_castle, layout_loops_ring,
          grunt_temple_overflow_open, due_unseen_surprise
D:4:      layout_loops_ring, old_standard_altar, minmay_temple_entry_junction
D:5:      layout_layer_cave, serial_shops, nicolae_shop_waterfront, uniq_edmund
D:6:      layout_loops_ring, zin_purify, uniq_eustachio, uniq_sigmund
D:7:      layout_loops_corners, basic_altar, uniq_crazy_yiuf_cottage
D:8:      layout_basic, gammafunk_temple_overflow_statue, lair_entry_dummy,
          serial_ice, serial_ice_k, serial_ice_n, serial_ice_b, serial_ice_c
D:9:      layout_roguey, uniq_erica, uniq_grum, uniq_joseph
D:10:     layout_roguey
D:11:     layout_loops_ring, orc_0_dummy, basic_altar,
          portal_ice_cave_entry_pillars_1, trog_ov_bears_minmay, uniq_erolcha
D:12:     minmay_the_grid_octo_tiled_octocenter_mashed
          [minmay_the_grid_octo_horde, minmay_the_grid_octo_focus,
          minmay_the_grid_octo_teeth, minmay_the_grid_octo_fan_narrow,
          minmay_the_grid_octo_prize_big_c, minmay_the_grid_square_5x5_n_small,
          minmay_the_grid_square_5x5_eight, minmay_the_grid_square_5x5_empty,
          minmay_the_grid_square_5x5_checkered_statues], layout_small_grid,
          uniq_jorgrun
Lair:1:   layout_small_grid, ebering_ghost_reflecting_pool, grunt_megastairs_4,
          infiniplex_staircase_pool
Lair:2:   layout_gridlike, dummy_spider_entry, eino_house_with_fridge
Lair:3:   layout_layer_cave
Lair:4:   layout_gridlike, minmay_swamp_entry_worms, fungi_pond_lemuel,
          grunt_forest_small_clearing_treed, grunt_megastairs_5, uniq_urug
Lair:5:   layout_roguey, slime_altar_1, gammafunk_lair_bear_cave
Lair:6:   minmay_lair_end_enchanted_forest, layout_loops_ring, special_room
          [special_room_bee]
Orc:1:    layout_caves, serial_shops, shop, shop,
          nicolae_shop_competitors_out_of_business, basic_altar, enter_bailey_2,
          uniq_josephine
Orc:2:    st_orc_open, layout_caves, serial_shops, nicolae_shop_statue_plus
